 Dungeon Crawl Stone Soup version 0.30.0-16-gbe6223bb7e (webtiles) character file.

Game seed: 3176095355927448660

141 Brutalitops the Caller (level 5, -1/41 HPs)
             Began as an Armataur Summoner on May 20, 2023.
             Killed from afar by Natasha (12 damage)
             ... with a bolt of light
             ... on level 3 of the Dungeon.
             The game lasted 00:10:26 (2118 turns).

Brutalitops the Caller (Armataur Summoner)          Turns: 2118, Time: 00:10:27

Health: -1/41      AC: 14    Str: 13    XL:     5   Next: 3%
Magic:  2/2        EV: 10    Int: 18    God:
Gold:   174        SH:  0    Dex: 10    Spells: 6/8 levels left

rFire   . . .        c - +1 short sword (antimagic)
rCold   . . .        (no shield)
rNeg    . . .        a - +0 robe
rPois   .            e - +1 helmet
rElec   .            (no cloak)
rCorr   .            (no gloves)
SInv    .            (no barding)
Will    .....        d - amulet of reflection
Stlth   +            n - +4 ring of protection
HPRegen 0.26/turn    q - +4 ring of protection
MPRegen 0.08/turn

%: reflection, roll
@: confused, slowed, very slow
A: large, rugged brown scales 3, deformed body, armoured tail, roll, long
tongue, awkward tongue
a: no special abilities


You were on level 3 of the Dungeon.
You visited 1 branch of the dungeon, and saw 3 of its levels.

You collected 174 gold pieces.

Inventory:

Hand Weapons
 c - a +1 antimagic short sword (weapon)
 g - a +0 dagger
 j - a +0 flail
 l - a +0 hand axe
Armour
 a - a +0 robe (worn)
 e - a +1 helmet (worn)
 i - a +0 chain mail
Jewellery
 d - an amulet of reflection (around neck)
 n - a +4 ring of protection (left hand)
 o - a ring of protection from fire
 q - a +4 ring of protection (right hand)
Wands
 t - a wand of roots (11)
Scrolls
 f - a scroll of amnesia
 m - a scroll of magic mapping {unknown}
 r - a scroll of enchant armour
 s - a scroll of fog {unknown}
 u - a scroll of brand weapon {unknown}
Potions
 b - 2 potions of magic
 h - 4 potions of attraction {unknown}
 k - 3 potions of curing
 p - a potion of heal wounds {unknown}


   Skills:
 + Level 0.6 Fighting
 + Level 0.6 Short Blades
 + Level 1.0 Maces & Flails
 + Level 2.0 Dodging
 + Level 3.1 Stealth
 + Level 1.0 Shields
 + Level 0.2 Unarmed Combat
 + Level 2.4 Spellcasting
 + Level 3.7 Summonings


You had 6 spell levels left.
You knew the following spells:

 Your Spells              Type           Power      Damage    Failure   Level
b - Call Imp              Summ           30%        N/A       5%          2

Your spell library contained the following spells:

 Spells                   Type           Power      Damage    Failure   Level
 Summon Small Mammal      Summ           60%        N/A       3%          1
 Call Canine Familiar     Summ           15%        N/A       11%         3
 Summon Guardian Golem    Hex/Summ       8%         N/A       24%         3
 Summon Lightning Spire   Summ/Air       8%         N/A       63%         4


Dungeon Overview and Level Annotations

Branches:
Dungeon (3/15)

Altars:
Nemelex Xobeh

Shops:
D:1 [

Annotations:
D:3 Natasha, Robin, Terence


Innate Abilities, Weirdness & Mutations

You are completely covered in rugged brown scales. (AC +3, +7% HP)
Armour fits poorly on your strangely shaped body.
You have a long armoured tail.
You roll when moving toward enemies. (Rampage)
Your long tongue fully drains potion bottles. (2x potion effects)
Your tongue gives you trouble enunciating. (1.5x scroll delay)


Message History

The cerulean imp attacks as you move away!
You block the cerulean imp's attack.
The cerulean imp disappears in a puff of smoke!
Natasha zaps a wand.
The bolt of light misses you.
Natasha stares at you and mumbles some strange words.
You resist with some effort. Natasha attacks as you move away!
Natasha barely misses you. The goblin attacks as you move away!
The goblin closely misses you.
The cerulean imp disappears in a puff of smoke!
Natasha casts a spell at you.
The magic dart hits you but does no damage.
Natasha wildly gestures.
Natasha shimmers violently.
Natasha claws you.
Natasha mumbles some strange words.
You hit the cerulean imp.
The cerulean imp is moderately wounded.
Natasha stares at you and mumbles some strange words.
You feel as though you will be slow longer.
The goblin hits you with a +0 club. Terence looks scornfully at you.
Natasha claws you. The cerulean imp closely misses you.
Natasha attacks as you move away! Natasha claws you but does no damage.
The goblin hits you but does no damage. You block Natasha's attack.
The cerulean imp hits you but does no damage.
The goblin hits you but does no damage.
The cerulean imp hits you but does no damage.
Natasha claws you but does no damage.
Natasha zaps a wand.
The bolt of light hits you!
You are confused.
The cerulean imp hits you with a +1 spear.
* * * LOW HITPOINT WARNING * * *
You closely miss Natasha.
Natasha is no longer moving quickly.
Natasha stares at you and mumbles some strange words.
The magic dart hits you but does no damage.
The cerulean imp hits you with a +1 spear.
* * * LOW HITPOINT WARNING * * *
Natasha growls.
Natasha zaps a wand.
The bolt of light hits you!
You die...

..........# #####.....### #.
....(.....# ####....# ##.
..........# #.......#### ##..
..........# #.####.....####..#
..........# #.# ##).#.##...##
..........# ####.# #..#....##§.
..).......###....# #).#.#....5g
.........<#...##### ##...)....###
............###.@5###.....§......
................#hg@...#...######
.......######..###g...###g.###
####......>...#####..#.......#
#.........###.#'#.........#
#........###._.###........#
#######...###.#'#..#.######
###..#####..##.# ##..###..##..#


You could see Terence, Natasha, a cerulean imp (summoned) and 2 goblins.

Vanquished Creatures
  Jessica (D:3)
  A gnoll (D:1)
  3 adders
  A worm (D:2)
  A dart slug (D:1)
  4 orcs (D:3)
  A bat (D:1)
  4 endoplasms
  3 giant cockroaches
  9 goblins
  7 hobgoblins
  7 kobolds
  2 quokkas
  3 ball pythons
  2 frilled lizards (D:3)
  6 rats (D:1)
55 creatures vanquished.

Vanquished Creatures (collateral kills)
  A gnoll (D:1)
  A giant cockroach (D:1)
  A hobgoblin (D:1)
3 creatures vanquished.

Grand Total: 58 creatures vanquished

Notes
Turn   | Place    | Note
-------+----------+-------------------------------------------
     0 | D:1      | Brutalitops the Armataur Summoner began the quest for the
                  | Orb.
     0 | D:1      | Reached XP level 1. HP: 14/14 MP: 3/3
     2 | D:1      | Noticed a merfolk zombie
   252 | D:1      | Reached XP level 2. HP: 16/21 MP: 4/4
   255 | D:1      | Learned a level 2 spell: Call Imp
   570 | D:1      | Reached XP level 3. HP: 16/27 MP: 1/6
   649 | D:1      | Found Cuage's Armour Boutique.
  1297 | D:2      | Reached XP level 4. HP: 30/35 MP: 2/7
  1742 | D:3      | Found a sparkling altar of Nemelex Xobeh.
  1758 | D:3      | Noticed Jessica
  1778 | D:3      | Killed Jessica
  1779 | D:3      | Reached skill level 1 in Maces & Flails
  1867 | D:3      | Reached skill level 1 in Shields
  2043 | D:3      | Noticed Robin
  2043 | D:3      | Noticed Terence
  2054 | D:3      | Reached XP level 5. HP: 41/41 MP: 2/8
  2069 | D:3      | Noticed Natasha
  2118 | D:3      | Killed from afar by Natasha

Illustrated notes

Levels and vault maps discovered:
D:1:      shiori_arrival_whats_in_store_for_you, layout_basic, serial_shops,
          shop, hex_large, hangedman_decor_clover_reticule
D:2:      layout_rooms, kennysheep_another_room
D:3:      layout_rooms, nemelex_diamond_rough_becter, uniq_jessica, uniq_robin,
          uniq_terence, uniq_natasha

Skill      XL: |  1  2  3  4 |
---------------+-------------+-----
Spellcasting   | 2 |  2.4
Stealth        | 3 |  3.1
Maces & Flails | 1 |  1.0
Dodging        | 2 |  2.0
Shields        | 1 |  1.0
Fighting       | |  0.6
Short Blades   | |  0.6
Unarmed Combat | |  0.2
Summonings     | |  3.7

Action                     |  1- 3 |  4- 6 || total
---------------------------+-------+-------++-------
  Melee: Unarmed           |    24 |       ||    24
         Dagger            |    25 |       ||    25
         Tailslap          |    12 |    10 ||    22
         Punch             |     1 |     1 ||     2
         Flail             |    49 |       ||    49
         Short sword       |    20 |   107 ||   127
   Cast: Summon Small Mamm |    10 |       ||    10
         Call Imp          |     5 |       ||     5
    Use: Scroll            |     6 |       ||     6
         Potion            |       |     1 ||     1
   Stab: Distracted        |     3 |     1 ||     4
         Sleeping          |     7 |     3 ||    10
 Armour: Robe              |    43 |    63 ||   106
  Dodge: Dodged            |    41 |    48 ||    89
  Block: Other             |    19 |    28 ||    47
         Reflection        |     2 |       ||     2
